Map: Newkirk Precinct TE (Void)

Players

Serral

  • Race: Zerg Zerg
  • Spawn Location: 5:00

SpeCial - Winner!

  • Race: Terran Terran
  • Spawn Location: 7:00

VOD

Have the link to the VOD?

Description

Time

  • Played on: April 29, 2017, 7:42 p.m.
  • Length: 10:41
Show
View Real Time Build Order
Export as new Build Order

Serral Zerg 

Build Orders: Hatch First, Muta Ling Bane 

Get SALT Encoding   

  12  0:00  Drone  
  13  0:13  Overlord  
  13  0:18  Drone  
  14  0:31  Drone x2  
  14  0:35  Drone  
  17  0:53  Hatchery  
  17  0:56  Drone  
  17  0:59  Drone  
  18  1:07  Extractor  
  17  1:14  Spawning Pool  
  17  1:18  Drone  
  17  1:22  Drone  
  18  1:28  Drone  
  19  1:38  Overlord  
  19  1:50  Drone  
  20  2:01  Queen, Zergling x2  
  20  2:05  Queen, Zergling x2  
  20  2:08  Metabolic Boost  
  26  2:14  Zergling x2  
  27  2:15  Drone  
  27  2:22  Drone  
  29  2:26  Drone  
  30  2:35  Drone  
  30  2:36  Queen  
  31  2:40  Drone  
  33  2:46  Overlord  
  33  2:49  Drone  
  34  2:58  Overlord  
  34  3:05  Drone  
  35  3:11  Drone x2  
  37  3:13  Drone x3  
  37  3:16  Drone x2  
  37  3:18  Drone  
  43  3:22  Hatchery  
  42  3:27  Zergling x2  
  42  3:28  Zergling x2  
  42  3:33  Queen  
  46  3:36  Overlord  
  46  3:40  Zergling x2  
  47  3:43  Baneling Nest  
  47  3:45  Zergling x2  
  47  3:46  Zergling x2  
  48  3:50  Drone x2  
  48  3:51  Drone  
  48  3:55  Overlord  
  51  3:56  Zergling x2  
  51  3:58  Drone  
  54  4:02  Drone  
  53  4:10  Drone  
  53  4:11  Queen  
  53  4:13  Drone x2  
  53  4:14  Drone  
  58  4:17  Spore Crawler  
  58  4:20  Zergling x2  
  58  4:21  Zergling x2  
  57  4:30  Zergling x8  
  56  4:37  Zergling x4  
  58  4:40  Baneling x4  
  58  4:43  Drone x3  
  59  4:47  Drone x2  
  59  4:51  Drone x2  
  62  4:55  Drone  
  63  5:06  Drone x2  
  60  5:08  Drone x2  
  60  5:09  Drone x2  
  60  5:11  Lair, Extractor  
  60  5:12  Extractor  
  60  5:14  Drone, Baneling  
  62  5:19  Baneling x2  
  62  5:20  Overlord, Baneling  
  63  5:21  Drone  
  63  5:24  Drone  
  63  5:25  Drone  
  63  5:27  Drone  
  67  5:29  Drone x2  
  67  5:31  Drone  
  67  5:33  Drone  
  71  5:38  Evolution Chamber, Drone  
  71  5:39  Drone  
  71  5:40  Extractor  
  71  5:43  Zergling x2  
  71  5:46  Drone x3  
  75  5:50  Overlord  
  75  5:51  Drone  
  75  5:56  Overlord  
  76  5:57  Drone  
  76  5:58  Drone x4  
  81  6:08  Queen  
  82  6:14  Spire  
  82  6:16  Drone x2  
  82  6:17  Drone x3  
  86  6:22  Overlord  
  86  6:23  Drone x3  
  89  6:26  Zergling x2  
  90  6:33  Overlord, Extractor  
  90  6:34  Zergling x8, Drone, Extractor  
  92  6:43  Zerg Ground Armor Level 1  
  92  6:54  Drone  
  91  7:02  Evolution Chamber, Drone  
  91  7:03  Centrifical Hooks  
  91  7:07  Zergling x14  
  91  7:08  Zergling x8  
  102  7:12  Hatchery  
  102  7:13  Baneling x6  
  102  7:14  Baneling  
  99  7:20  Baneling x4  
  91  7:32  Zergling x2  
  91  7:33  Zergling x20  
  91  7:34  Spire  
  84  7:46  Zergling x8  
  84  7:47  Zergling x6  
  85  7:52  Queen x2  
  85  7:57  Queen  
  91  7:58  Overseer  
  91  8:02  Roach Warren  
  90  8:07  Zergling x8  
  90  8:08  Zergling x2  
  92  8:14  Baneling x3  
  92  8:15  Baneling x5  
  92  8:18  Drone x3  
  95  8:32  Overlord  
  93  8:39  Hatchery  
  91  8:46  Glial Reconstitution, Zerg Flyer Armor Level 1  
  91  8:52  Roach x3  
  91  8:53  Roach x3  
  103  8:57  Mutalisk x5  
  103  8:58  Mutalisk  
  115  9:07  Overlord x3  
  115  9:08  Overlord  
  115  9:26  Overlord  
  115  9:43  Mutalisk x12  
  133  10:03  Queen, Drone  
  133  10:04  Drone x5  
  133  10:06  Mutalisk x4  
  142  10:17  Mutalisk x2  
  142  10:21  Zergling x16  
  145  10:22  Zergling x4  
Show
View Real Time Build Order
Export as new Build Order

SpeCial Terran - Winner!

Build Orders: Hellion Opening, Reaper Expand 

Get SALT Encoding   

  12  0:00  SCV  
  13  0:13  SCV  
  14  0:17  Supply Depot  
  14  0:25  SCV  
  15  0:29  Refinery  
  15  0:39  SCV  
  16  0:45  Barracks  
  16  0:51  SCV  
  17  1:03  SCV  
  18  1:15  SCV  
  19  1:32  Reaper, Orbital Command  
  20  1:44  Command Center  
  20  1:54  Factory  
  20  1:58  SCV  
  21  2:06  Barracks Reactor  
  21  2:11  Supply Depot, SCV  
  22  2:17  Refinery  
  22  2:23  SCV  
  23  2:35  SCV  
  24  2:44  Starport  
  24  2:47  Hellion, SCV  
  24  2:49  Hellion  
  24  2:50  Marine  
  30  2:57  Orbital Command  
  30  3:00  SCV  
  31  3:09  Hellion  
  33  3:13  Hellion  
  33  3:17  SCV  
  36  3:22  Medivac  
  36  3:24  SCV  
  36  3:26  Barracks Tech Lab  
  39  3:29  SCV  
  40  3:36  Supply Depot  
  40  3:38  Hellion  
  40  3:41  Hellion  
  44  3:44  SCV  
  44  3:45  SCV  
  46  3:51  Armory  
  46  3:58  SCV x2  
  46  3:59  Supply Depot  
  48  4:04  Hellion  
  48  4:10  SCV x2  
  50  4:22  SCV x2  
  52  4:25  Hellion  
  54  4:33  Hellion  
  54  4:34  SCV x2  
  58  4:39  Supply Depot, Raven  
  60  4:46  SCV x2  
  61  4:58  SCV  
  62  5:00  SCV, Command Center  
  57  5:09  Hellion x2  
  57  5:10  Hellion x3  
  57  5:11  SCV  
  57  5:12  SCV  
  63  5:15  Barracks Reactor  
  63  5:17  Refinery  
  63  5:18  Refinery  
  63  5:19  Factory  
  63  5:22  Raven  
  63  5:26  Supply Depot, SCV x2  
  67  5:29  Terran Vehicle Weapons Level 1  
  67  5:36  Hellion  
  67  5:38  SCV  
  70  5:47  Supply Depot, SCV  
  70  5:48  Hellion  
  70  5:49  Supply Depot  
  73  5:50  SCV  
  74  5:59  SCV  
  74  6:02  Hellion, SCV  
  76  6:11  SCV  
  76  6:13  Orbital Command  
  76  6:14  SCV  
  76  6:17  Cyclone x2  
  76  6:18  Cyclone x2  
  90  6:21  Supply Depot  
  90  6:25  SCV  
  91  6:32  Factory  
  91  6:38  SCV x2  
  91  6:39  Orbital Command  
  93  6:50  Hellion x4, SCV x2  
  103  6:54  Factory  
  103  6:57  Factory  
  103  7:02  SCV x2  
  103  7:05  SCV  
  106  7:11  Hellion x2, Refinery  
  106  7:14  SCV x2  
  112  7:17  Refinery, SCV  
  113  7:26  SCV x2  
  113  7:29  SCV  
  110  7:34  Hellion x2  
  99  7:38  SCV x2  
  99  7:41  Thor, SCV, Engineering Bay  
  99  7:42  Supply Depot x2  
  105  7:46  Factory Tech Lab x2  
  105  7:50  SCV x2  
  107  7:53  SCV  
  106  7:59  Hellion x2  
  106  8:02  SCV  
  106  8:03  SCV  
  112  8:05  SCV  
  112  8:06  Hellion x2  
  112  8:11  Thor  
  112  8:12  Thor  
  123  8:15  SCV  
  130  8:21  Supply Depot, Missile Turret  
  130  8:22  Supply Depot  
  130  8:24  Terran Vehicle Weapons Level 2  
  127  8:42  Hellion x3  
  127  8:43  Siege Tank, Hellion  
  127  8:45  Supply Depot x2  
  135  8:50  Hellion x8  
  135  8:51  Missile Turret  
  135  8:53  Starport Reactor  
  135  8:54  Siege Tank  
  135  8:55  Siege Tank, Missile Turret  
  135  8:56  Armory  
  138  9:04  Supply Depot, Infernal Pre-Igniter  
  138  9:05  Sensor Tower  
  138  9:06  Supply Depot  
  138  9:07  Hellion x2  
  138  9:08  Hellion  
  144  9:15  Siege Tank  
  147  9:18  Hellion  
  147  9:21  Supply Depot  
  147  9:22  Supply Depot  
  149  9:26  Siege Tank  
  149  9:28  Siege Tank, Hellion  
  149  9:29  Missile Turret  
  157  9:37  Command Center  
  157  9:40  Hellion x2  
  161  9:46  Viking  
  161  9:47  Siege Tank  
  161  9:48  Viking  
  165  10:04  SCV  
  165  10:05  SCV x2  
  163  10:10  Hellion x3  
  179  10:23  Missile Turret  
Tags
 
Add a new tag
Caveats
  • Supply blocks, unpowered buildings, or Contaminate may cause inaccurate times.
  • Supply counts are checked every 10 seconds.